 Dungeon Crawl Stone Soup version 0.28-a0-980-g3664467d6e (webtiles) character file.

Game seed: 727264775320338690

3808 BinkBink the Chopper (level 9, 0/72 HPs)
             Began as a Demigod Fighter on Dec 2, 2021.
             Slain by a hornet (6 damage)
             ... on level 9 of the Dungeon.
             The game lasted 00:14:01 (8097 turns).

BinkBink the Chopper (Demigod Fighter)              Turns: 8097, Time: 00:14:01

Health: 0/72       AC: 17    Str: 21    XL:     9   Next: 65%
Magic:  11/11      EV:  9    Int: 10    God:
Gold:   379        SH: 11    Dex: 21    Spells: 8/8 levels left

rFire   . . .      SeeInvis .   q - +1 hand axe (elec)
rCold   . . .      Faith    .   c - +0 buckler
rNeg    . . .      Spirit   .   a - +0 plate armour
rPois   .          Reflect  +   u - +1 helmet
rElec   .          Harm     .   (no cloak)
rCorr   .          Rampage  .   j - +0 pair of gloves
Will    .....                   g - +0 pair of boots
Stlth   ..........              e - amulet of reflection
HPRegen 0.22/turn               h - ring of flight
MPRegen 0.12/turn               (no ring)

@: flying
A: high mp 1, forlorn, divine attributes
a: no special abilities


You were on level 9 of the Dungeon.
You visited 1 branch of the dungeon, and saw 9 of its levels.

You collected 379 gold pieces.

Inventory:

Hand Weapons
 p - a +1 hunting sling of flaming
 q - a +1 hand axe of electrocution (weapon)
 y - a +1 vorpal hand axe
Armour
 a - a +0 plate armour (worn)
 c - a +0 buckler (worn)
 g - a +0 pair of boots (worn)
 j - a +0 pair of gloves (worn)
 u - a +1 helmet (worn)
Jewellery
 e - an amulet of reflection (around neck)
 h - a ring of flight (left hand)
 n - an amulet of guardian spirit
Wands
 t - a wand of flame (18)
 x - a wand of iceblast (6)
Scrolls
 b - a scroll of enchant weapon
 i - 8 scrolls of identify
 o - a scroll of magic mapping {unknown}
 s - a scroll of acquirement {unknown}
 v - a scroll of summoning {unknown}
Potions
 d - a potion of cancellation {unknown}
 k - 2 potions of heal wounds {unknown}
 w - a potion of magic {unknown}
 z - a potion of flight {unknown}
 A - a potion of attraction {unknown}
 B - a potion of curing


   Skills:
 + Level 4.5 Fighting
 + Level 7.9 Axes
 + Level 6.5 Armour
 * Level 5.8 Dodging
 + Level 0.4 Stealth
 + Level 5.8 Shields
 + Level 0.4 Evocations


You had 8 spell levels left.
You didn't know any spells.
Your spell library contained the following spells:

 Spells                   Type           Power      Damage    Failure   Level
 Sublimation of Blood     Necr           0%         N/A       100%        2
 Petrify                  Tmut/Erth      0%         N/A       100%        4
 Irradiate                Conj/Tmut      0%         3d14      100%        5


Dungeon Overview and Level Annotations

Branches:
Dungeon (9/15)             Temple (0/1) D:6
   Lair: D:8-11         Orc: D:9-12

Shops:
D:4 *([   D:6 *   D:7 :

Annotations:
D:3 1 runed translucent door, Crazy Yiuf


Innate Abilities, Weirdness & Mutations

You have an increased reservoir of magic. (+10% MP)
You shall have no god before yourself.
Your divine heritage dramatically boosts your attributes as you level up.


Message History

The hornet stings you but does no damage.
The hornet closely misses you. You block the hornet's attack.
You block the hornet's attack. You block the hornet's attack.
You block the hornet's attack. You block the hornet's attack.
The hornet stings you but does no damage.
You hear the faint creaking of a very distant portcullis.
The hornet stings you but does no damage.
You block the hornet's attack. The hornet stings you.
* * * LOW HITPOINT WARNING * * *
You feel yourself slow down.
You feel yourself speed up. The hornet stings you!
* * * LOW HITPOINT WARNING * * *
You feel yourself slow down. The hornet completely misses you.
You feel yourself speed up.
The hornet stings you but does no damage.
The hornet stings you but does no damage.
The hornet stings you but does no damage.
As you read the scroll labelled UMAIMM SIDAT, it crumbles to dust.
It is a scroll of identify.
b - a scroll of enchant weapon You block the hornet's attack.
As you read the scroll labelled NUHO JEBAHUO, it crumbles to dust.
The scroll dissolves into smoke.
It was a scroll of fog.
You block the hornet's attack.
The hornet stings you but does no damage.
As you read the scroll labelled RIOPECL TUIXONK, it crumbles to dust.
It is a scroll of amnesia.
You feel forgetful for a moment. You block the hornet's attack.
As you read the scroll labelled QOADIE RIWOGO, it crumbles to dust.
You hear a loud clanging noise!
It was a scroll of noise.
You hear a shout! x3
You block the hornet's attack. The hornet stings you.
You die...

### ##.##############
####...........))(.##
#.....###########...##########
####.####### #§@y§.............#
..##..........§§####...########.#
......########## ##.## #.#
..##..# #.# #.# .###..# ... #..
.# #<.# ##.#. ### .# #... .(.##
.# .#.## #.# .# # #.


You could see a hornet.

Vanquished Creatures
  A two-headed ogre (D:8)
  Pikel (D:5)
  A slime creature (D:7)
  Prince Ribbit (D:8)
  Sigmund (D:6)
  A shadow (D:7)
  A water moccasin (D:5)
  Duvessa (D:6)
  2 ice beasts (D:6)
  A sky beast (D:7)
  2 orc warriors
  An ogre (D:5)
  A lemure (D:5)
  A bullfrog (D:7)
  2 scorpions
  A water moccasin zombie (D:6)
  A wyvern skeleton (D:7)
  Dowan (D:6)
  4 killer bees (D:5)
  An electric eel (D:6)
  3 howler monkeys (D:8)
  A centaur zombie (D:6)
  3 hounds
  4 jellies
  3 centaur skeletons
  A scorpion zombie (D:5)
  An iguana (D:7)
  2 orc wizards
  A killer bee zombie (D:7)
  A howler monkey zombie (D:7)
  2 howler monkey skeletons
  Robin (D:3)
  6 adders
  A shadow imp (D:6)
  3 white imps
  2 worms (D:3)
  2 dart slugs
  17 orcs
  7 ball pythons
  6 endoplasms
  3 giant cockroaches (D:1)
  10 goblins
  8 hobgoblins
  6 kobolds
  5 quokkas
  11 bats
  6 frilled lizards
  4 rats (D:1)
146 creatures vanquished.

Vanquished Creatures (others)
  A fungus (D:3)
  A plant (D:7)
2 creatures vanquished.

Grand Total: 148 creatures vanquished

Notes
Turn   | Place    | Note
-------+----------+-------------------------------------------
     0 | D:1      | BinkBink the Demigod Fighter began the quest for the Orb.
     0 | D:1      | Reached XP level 1. HP: 18/18 MP: 3/3
   262 | D:1      | Reached XP level 2. HP: 24/25 MP: 4/4
   414 | D:1      | Reached skill level 1 in Dodging
   531 | D:1      | Reached skill level 2 in Axes
   651 | D:1      | Reached XP level 3. HP: 29/30 MP: 5/5
  2092 | D:3      | Reached XP level 4. HP: 38/38 MP: 6/6
  2406 | D:3      | Found a runed translucent door.
  2407 | D:3      | Noticed Crazy Yiuf
  2706 | D:3      | Noticed Robin
  2715 | D:3      | Killed Robin
  2908 | D:4      | Reached skill level 3 in Axes
  2917 | D:4      | Found Afiqiw's Weapon Emporium.
  2917 | D:4      | Found Oniofrui's Armour Emporium.
  2986 | D:4      | Found Xacifanlau's General Store.
  3046 | D:4      | You are sucked into a shaft and drop 1 floor!
  3046 | D:5      | Entered Level 5 of the Dungeon
  3058 | D:5      | Reached XP level 5. HP: 42/45 MP: 7/7
  3149 | D:5      | Noticed an ogre
  3188 | D:5      | Killed an ogre
  3224 | D:5      | Noticed a water moccasin
  3228 | D:5      | Reached XP level 6. HP: 51/51 MP: 8/8
  3231 | D:5      | Killed a water moccasin
  3232 | D:5      | Reached skill level 4 in Axes
  3290 | D:5      | Reached XP level 7. HP: 11/57 MP: 9/9
  3892 | D:6      | Noticed Pikel
  3968 | D:5      | Killed Pikel
  3969 | D:5      | Reached skill level 5 in Axes
  4079 | D:6      | Reached XP level 8. HP: 23/66 MP: 10/10
  4360 | D:6      | Noticed Duvessa
  4360 | D:6      | Noticed Dowan
  4375 | D:6      | Found a staircase to the Ecumenical Temple.
  4381 | D:6      | Killed Duvessa
  4393 | D:6      | Killed Dowan
  4538 | D:6      | Reached skill level 5 in Armour
  4643 | D:6      | Found Equotrau's Lightly-Used Armoury.
  4906 | D:6      | Reached skill level 6 in Axes
  4942 | D:6      | Noticed Sigmund
  5024 | D:6      | Killed Sigmund
  5025 | D:6      | Reached skill level 5 in Shields
  5726 | D:7      | Noticed a slime creature
  5746 | D:7      | Killed a slime creature
  5747 | D:7      | Reached skill level 5 in Dodging
  5747 | D:7      | Reached XP level 9. HP: 49/71 MP: 11/11
  6127 | D:7      | Reached skill level 7 in Axes
  6131 | D:7      | Found Norexi Goini's Book Boutique.
  7043 | D:8      | Noticed Prince Ribbit
  7072 | D:8      | Killed Prince Ribbit
  7182 | D:8      | Noticed a two-headed ogre
  7190 | D:8      | Killed a two-headed ogre
  8025 | D:9      | Paralysed by a hornet for 2 turns
  8031 | D:9      | Paralysed by a hornet for 3 turns
  8097 | D:9      | Slain by a hornet

Illustrated notes

Levels and vault maps discovered:
D:1:      minmay_arrival_four_loops, layout_basic,
          shapermc_ecumenical_altar_mp_vishouse, palyth_stone_intersect,
          minmay_hexomino_p4
D:2:      kennysheep_big_flooded_room, layout_loops_ring, basic_altar,
          minmay_tiny_reverse_x
D:3:      layout_loops_ring, mainiacjoe_overflow_six_doors_small,
          minmay_bisected, uniq_robin, uniq_crazy_yiuf_cottage
D:4:      layout_cave_pools, serial_shops, nicolae_shop_waterfront, shop,
          nicolae_diamond_shop, nicolae_shop_advertising_works
          [nicolae_subvault_shop_adworks], uniq_menkaure
D:5:      layout_basic, nicolae_hepliaklqana_hippocampus
D:6:      layout_rooms, gammafunk_temple_overflow_pools,
          minmay_temple_entry_slanted, minmay_shop_damaged, minivault_14,
          uniq_pikel, uniq_duvessa, uniq_sigmund
D:7:      cheibrodos_two_vegetables, layout_rooms, nicolae_inconvenience_store,
          grunt_tough_drop
D:8:      layout_cave_pods, uniq_prince_ribbit1
D:9:      layout_loops_ring, david_lair_shrubbed, enter_bailey_3

Skill      XL: |  1  2  3  4  5  6  7  8  9 |
---------------+----------------------------+-----
Dodging        | 1 2 3 5 |  5.8
Armour         | 3 4 5 6 |  6.5
Axes           | 2 3 4 5 6 7 |  7.9
Fighting       | 3 4 |  4.5
Shields        | 3 4 5 |  5.8
Stealth        | |  0.4
Evocations     | |  0.4

Action                   |  1- 3 |  4- 6 |  7- 9 || total
-------------------------+-------+-------+-------++-------
Melee: War axe           |   134 |       |       ||   134
       Hand axe          |    21 |   104 |   309 ||   434
Evoke: Wand              |       |       |     5 ||     5
  Use: Potion            |       |     5 |       ||     5
       Scroll            |       |       |     6 ||     6
Armor: Scale mail        |    79 |       |       ||    79
       Plate armour      |       |    58 |   111 ||   169
Dodge: Dodged            |    56 |    28 |    58 ||   142
Block: Buckler           |    80 |    65 |   146 ||   291
       Reflection        |     1 |       |     3 ||     4

Table legend: (Time is in decaauts)
 A = Elapsed time spent in this place.
 B = Non-inter-level travel time spent in this place.
 C = Inter-level travel time spent in this place.
 D = Time resting spent in this place.
 E = Time spent auto-exploring this place.
 F = Levels seen in this place.
 G = Mean time per level.
                   A        B        C        D        E       F      G
               +--------+--------+--------+--------+--------+-----+--------+
         Total |   8174 |   7889 |    285 |      0 |   6208 |   9 |  908.2 |
       Dungeon |   8174 |   7889 |    285 |      0 |   6208 |   9 |  908.2 |
               +--------+--------+--------+--------+--------+-----+--------+

Top non-repeatable levels by time:
     D:7: 1703 daAuts
     D:6: 1369 daAuts
     D:3: 1183 daAuts
     D:8: 917 daAuts
     D:1: 908 daAuts
     D:5: 899 daAuts
     D:2: 872 daAuts
     D:9: 166 daAuts
     D:4: 153 daAuts
